 Dungeon Crawl Stone Soup version 0.28-a0-657-g71136c5590 (webtiles) character file.

Game seed: 9901479351006759651

77 SkeletonJelly the Slasher (level 4, -4/38 HPs)
             Began as a Draconian Monk on Oct 14, 2021.
             Slain by Prince Ribbit (12 damage)
             ... on level 5 of the Dungeon.
             The game lasted 00:05:50 (2300 turns).

SkeletonJelly the Slasher (Draconian Monk)          Turns: 2300, Time: 00:05:50

Health: -4/38      AC:  6    Str: 14    XL:     4   Next: 14%
Magic:  4/4        EV: 13    Int: 11    God:
Gold:   90         SH:  0    Dex: 13    Spells: 3/3 levels left

rFire   . . .      SeeInvis .   i - +2 falchion (flame)
rCold   . . .      Faith    .   (no shield)
rNeg    . . .      Spirit   .   (armour unavailable)
rPois   .          Reflect  .   (helmet restricted)
rElec   .          Harm     .   (no cloak)
rCorr   .          Rampage  .   f - +0 pair of gloves
Will    .....                   (no boots)
Stlth   ++........              (no amulet)
HPRegen 0.12/turn               (no ring)
MPRegen 0.09/turn               (no ring)

@: no status effects
A: AC +5, unfitting armour, cold-blooded
a: no special abilities


You were on level 5 of the Dungeon.
You visited 1 branch of the dungeon, and saw 4 of its levels.

You collected 90 gold pieces.

Inventory:

Hand Weapons
 a - a +0 falchion
 i - a +2 falchion of flaming (weapon)
Armour
 f - a +0 pair of gloves (worn)
Scrolls
 d - 5 scrolls of identify {unknown}
 e - a scroll of enchant armour {unknown}
 g - a scroll of teleportation {unknown}
 h - a scroll of fear {unknown}
Potions
 b - a potion of invisibility {unknown}
 c - a potion of lignification {unknown}


   Skills:
 - Level 3.2 Fighting
 * Level 4.4 Long Blades
 + Level 3.4 Dodging
 - Level 1.7 Stealth


You had 3 spell levels left.
You didn't know any spells.
Your spell library contained the following spells:

 Spells                   Type           Power      Damage    Failure   Level
 Hailstorm                Conj/Ice       0%         3d3       98%         4
 Ice Form                 Ice/Tmut       0%         N/A       98%         4
 Simulacrum               Ice/Necr       0%         N/A       100%        6


Dungeon Overview and Level Annotations

Branches:
Dungeon (3/15)

Altars:

Annotations:
D:5 Prince Ribbit


Innate Abilities, Weirdness & Mutations

Your plain brown scales are hard. (AC +5)
You cannot fit into any form of body armour.
You are cold-blooded and may be slowed by cold attacks.


Message History

The dart slug is severely wounded.
The dart slug launches a dart at you. The slug dart misses you.
You completely miss the dart slug.
The dart slug is severely wounded.
You hit the dart slug but do no damage.
The dart slug is severely wounded.
The dart slug bites you but does no damage.
You barely miss the dart slug. You tail-slap the dart slug.
The dart slug is almost dead.
The dart slug launches a dart at you.
The slug dart hits you but does no damage.
You hit the dart slug but do no damage.
The dart slug is almost dead.
The dart slug bites you but does no damage.
You slash the dart slug! You burn the dart slug.
You kill the dart slug!
No target in view!
No target in view!
No target in view!
No target in view!
Unknown command.
Prince Ribbit comes into view.
Prince Ribbit gives a loud, deep croak!
Prince Ribbit moves out of view.
Prince Ribbit is nearby!
Prince Ribbit hits you. x2
You take 5 damage, and have 33/38 hp.
You closely miss Prince Ribbit. Prince Ribbit closely misses you.
You hit Prince Ribbit. You burn Prince Ribbit.
Prince Ribbit is lightly wounded.
Prince Ribbit hits you. Prince Ribbit closely misses you.
You take 5 damage, and have 28/38 hp.
You miss Prince Ribbit.
Your tail-slap misses Prince Ribbit.
Prince Ribbit is lightly wounded.
Prince Ribbit misses you.
You hit Prince Ribbit. You burn Prince Ribbit. You tail-slap Prince Ribbit.
Prince Ribbit is moderately wounded.
Prince Ribbit hits you!
You take 10 damage, and have 19/38 hp.
MASSIVE DAMAGE!!
You are too injured to fight recklessly!
You are too injured to fight recklessly!
You are too injured to fight recklessly!
You are too injured to fight recklessly!
You are too injured to fight recklessly!
You are too injured to fight recklessly!
You are too injured to fight recklessly!
You are too injured to fight recklessly!
You are too injured to fight recklessly!
You are too injured to fight recklessly!
You are too injured to fight recklessly!
You are too injured to fight recklessly!
You are too injured to fight recklessly!
You are too injured to fight recklessly!
You are too injured to fight recklessly!
You are too injured to fight recklessly!
You are too injured to fight recklessly!
You are too injured to fight recklessly!
You are too injured to fight recklessly!
You are too injured to fight recklessly!
You are too injured to fight recklessly!
You are too injured to fight recklessly!
You are too injured to fight recklessly!
You are too injured to fight recklessly!
You are too injured to fight recklessly!
You are too injured to fight recklessly!
You are too injured to fight recklessly!
You are too injured to fight recklessly!
You are too injured to fight recklessly!
You are too injured to fight recklessly!
You are too injured to fight recklessly!
You are too injured to fight recklessly!
You are too injured to fight recklessly!
You are too injured to fight recklessly!
You are too injured to fight recklessly!
You are too injured to fight recklessly!
You are too injured to fight recklessly!
You closely miss Prince Ribbit.
Prince Ribbit is moderately wounded.
Prince Ribbit closely misses you. Prince Ribbit misses you.
You hit Prince Ribbit. You burn Prince Ribbit.
Prince Ribbit is moderately wounded.
Prince Ribbit blinks!
Prince Ribbit blinks!
Prince Ribbit is nearby!
You aren't carrying any items that you can evoke.
Prince Ribbit blinks!
Prince Ribbit blinks!
Found 13 gold pieces.
A black bear comes into view.
Found 10 gold pieces.
Prince Ribbit croaks regally.
Prince Ribbit hits you!
* * * LOW HITPOINT WARNING * * *
You take 14 damage, and have 7/38 hp.
MASSIVE DAMAGE!!
You closely miss Prince Ribbit.
Prince Ribbit is moderately wounded.
Prince Ribbit catches a small bird with his tongue.
Prince Ribbit hits you!
You die...

##### #####..$# #......
.......h# #.....
.....!..# #.....
...$....# #..... .
........#######
....####..
....>....@..#.# ...#(...
..........F...### #...#
.###.[..........###..##
.............#...ยง...#
................#.##.###
.............##.##.##...#
..............#.##..###.#
#..............F.........
............##...#....


You could see Prince Ribbit.

Vanquished Creatures
  A gnoll (D:2)
  A worm (D:2)
  2 dart slugs
  4 orcs (D:3)
  7 ball pythons
  6 endoplasms
  A giant cockroach (D:2)
  8 hobgoblins
  4 jackals (D:1)
  3 quokkas
  3 bats
  A frilled lizard (D:3)
  2 goblins
  3 kobolds
  3 rats
49 creatures vanquished.

Notes
Turn   | Place    | Note
-------+----------+-------------------------------------------
     0 | D:1      | SkeletonJelly the Draconian Monk began the quest for the
                  | Orb.
     0 | D:1      | Reached XP level 1. HP: 19/19 MP: 1/1
     2 | D:1      | Noticed a human
     4 | D:1      | Noticed an octopode
     4 | D:1      | Noticed a vine stalker
     8 | D:1      | Noticed a felid
     8 | D:1      | Noticed a gargoyle
    10 | D:1      | Noticed a vampire
    12 | D:1      | Noticed a demonspawn
    12 | D:1      | Noticed an elf
    14 | D:1      | Noticed a tengu
    14 | D:1      | Noticed a formicid
    16 | D:1      | Noticed a merfolk
    16 | D:1      | Noticed a demigod
    18 | D:1      | Noticed a draconian
    20 | D:1      | Noticed a naga
    20 | D:1      | Noticed a ghoul
    22 | D:1      | Noticed a troll
    22 | D:1      | Noticed a dwarf
    24 | D:1      | Noticed a spriggan
    24 | D:1      | Noticed an ogre
    26 | D:1      | Noticed a minotaur
   288 | D:1      | Reached XP level 2. HP: 21/26 MP: 2/2
  1128 | D:2      | Reached XP level 3. HP: 15/31 MP: 3/3
  1381 | D:2      | Reached skill level 4 in Long Blades
  2093 | D:3      | Reached XP level 4. HP: 34/38 MP: 4/4
  2252 | D:3      | You fall into a shaft and drop 2 floors!
  2252 | D:5      | Entered Level 5 of the Dungeon
  2270 | D:5      | Noticed Prince Ribbit
  2296 | D:5      | Noticed a black bear
  2300 | D:5      | Slain by Prince Ribbit

Illustrated notes

Levels and vault maps discovered:
D:1:      kb_arrival_jail, layout_basic
D:2:      layout_loops_ring, minmay_three_crescents
D:3:      layout_rooms, mainiacjoe_overflow_brackets,
          nicolae_kikubaaqudgha_miasma_corner,
          hellmonk_ecumenical_altar_crossroads, grunt_ministairs_15,
          chequers_serial_rivers_marsh, corexii_hall_statues_l
D:5:      layout_rooms, nicolae_sif_muna_little_library, lemuel_round_altar,
          minmay_fractal_squares_diagonal_5, uniq_prince_ribbit1

Skill      XL: |  1  2  3 |
---------------+----------+-----
Dodging        | 3 |  3.4
Long Blades    | 4 |  4.4
Fighting       | |  3.2
Stealth        | |  1.7

Action                   |  1- 3 |  4- 6 || total
-------------------------+-------+-------++-------
Melee: Falchion          |   127 |    24 ||   151
       Tailslap          |    12 |     3 ||    15
 Stab: Sleeping          |     4 |       ||     4
Armor: Skin              |    34 |     5 ||    39
Dodge: Dodged            |   101 |    23 ||   124

Table legend: (Time is in decaauts)
 A = Elapsed time spent in this place.
 B = Non-inter-level travel time spent in this place.
 C = Inter-level travel time spent in this place.
 D = Time resting spent in this place.
 E = Time spent auto-exploring this place.
 F = Levels seen in this place.
 G = Mean time per level.
                   A        B        C        D        E       F      G
               +--------+--------+--------+--------+--------+-----+--------+
         Total |   2318 |   2264 |     54 |      0 |   1875 |   4 |  579.5 |
       Dungeon |   2318 |   2264 |     54 |      0 |   1875 |   4 |  579.5 |
               +--------+--------+--------+--------+--------+-----+--------+

Top non-repeatable levels by time:
     D:2: 1187 daAuts
     D:1: 866 daAuts
     D:3: 216 daAuts
     D:5: 48 daAuts
